NCAA
CALIFORNIA GOLDEN BEARS @ LOUISIANA STATE TIGERS
04/30/2029
 
TOP OF THE 1ST
California Golden Bears batting - Pitching for Louisiana State Tigers : RHP Doug Thomas
Pitching: RHP Doug Thomas
Batting: SHB John Allen 0-0: Ball
1-0: Called Strike
1-1: Foul Ball, location: 2F
1-2: Foul Ball, location: 2F
1-2: SINGLE (Groundball, 34D)
Batting: RHB Phil Cabrera 0-0: Ball
1-0: Foul Ball, location: 2F
1-1: Ball
2-1: Foul Ball, location: 2F
2-2: Ball
3-2: Strikes out swinging
Batting: RHB Sergio González 0-0: Foul Ball, location: 2F
0-1: Ball
1-1: Ball
2-1: Called Strike
2-2: Ball
3-2: Base on Balls
John Allen to second
Batting: RHB Owen Jenkins 0-0: Ball
1-0: Foul Ball, location: 2F
1-1: Foul Ball, location: 2F
1-2: Foul Ball, location: 2F
1-2: Ball
2-2: Strikes out looking
Batting: RHB Cisco Villa 0-0: Ball
1-0: Foul Ball, location: 2F
1-1: Foul Ball, location: 2F
1-2: Ball
2-2: Ball
3-2: Foul Ball, location: 2F
3-2: Foul Ball, location: 2F
3-2: Strikes out swinging
Top of the 1st over - 0 runs, 1 hit, 0 errors, 2 left on base; California 0 - Louisiana State 0
BOTTOM OF THE 1ST
Louisiana State Tigers batting - Pitching for California Golden Bears : LHP Randy Hawk
Pitching: LHP Randy Hawk
Batting: RHB Fernando Rodríguez 0-0: Called Strike
0-1: Foul Ball, location: 2F
0-2: Ball
1-2: Foul Ball, location: 2F
1-2: Foul Ball, location: 2F
1-2: Foul Ball, location: 2F
1-2: Ball
2-2: Foul Ball, location: 2F
2-2: Ball
3-2: Foul Ball, location: 2F
3-2: SOLO HOME RUN (Flyball, 78XD), Distance : 373 ft
Batting: LHB Jerry Flatt 0-0: Called Strike
0-1: Foul Ball, location: 2F
0-2: Ground out 4-3 (Groundball, 34D)
Batting: RHB John Howell 0-0: Called Strike
0-1: Swinging Strike
0-2: Ball
1-2: Strikes out swinging
Batting: LHB Ronald Wallace 0-0: Ball
1-0: Ball
2-0: SOLO HOME RUN (Flyball, 9LD), Distance : 313 ft
Batting: RHB Ernesto Quintero 0-0: Ball
1-0: Ball
2-0: Ball
3-0: Called Strike
3-1: Called Strike
3-2: Strikes out swinging
Bottom of the 1st over - 2 runs, 2 hits, 0 errors, 0 left on base; California 0 - Louisiana State 2
TOP OF THE 2ND
California Golden Bears batting - Pitching for Louisiana State Tigers : RHP Doug Thomas
Batting: RHB Lyle Clark 0-0: Ball
1-0: Called Strike
1-1: SINGLE (Groundball, 4D)
Batting: LHB Otis Johnston 0-0: Ball
1-0: Called Strike
1-1: Foul Ball, location: 2F
1-2: Foul Ball, location: 2F
1-2: SINGLE (Groundball, 4MD)
Lyle Clark to second
Batting: SHB Dan Morse 0-0: Foul Ball, location: 2F
0-1: Swinging Strike
0-2: Ball
1-2: Ball
2-2: DOUBLE (Groundball, 5L)
Lyle Clark scores
Otis Johnston to third
Runner from 3rd tries for Home, SAFE, no throw
Batting: RHB Joe Johnston 0-0: Foul Ball, location: 2F
0-1: Ball
1-1: Ground out U3 (Groundball, 34)
Dan Morse to third
Batting: SHB John Allen 0-0: Ground out 5-3 (Groundball, 5)
Batting: RHB Phil Cabrera 0-0: Foul Ball, location: 2F
0-1: Ball
1-1: Ground out 3-1 (Groundball, 23)
Top of the 2nd over - 2 runs, 3 hits, 0 errors, 1 left on base; California 2 - Louisiana State 2
BOTTOM OF THE 2ND
Louisiana State Tigers batting - Pitching for California Golden Bears : LHP Randy Hawk
Batting: LHB Rick Owens 0-0: DOUBLE (Flyball, 8RXD)
Batting: LHB Mark Potter 0-0: Ground out 1-3 (Groundball, P)
Rick Owens to third
Batting: RHB Mike Cooley 0-0: Fly out, F4 (Popup, 13)
Batting: RHB Ethan Ramos 0-0: Called Strike
0-1: Ball
1-1: Called Strike
1-2: Strikes out looking
Bottom of the 2nd over - 0 runs, 1 hit, 0 errors, 1 left on base; California 2 - Louisiana State 2
TOP OF THE 3RD
California Golden Bears batting - Pitching for Louisiana State Tigers : RHP Doug Thomas
Batting: RHB Sergio González 0-0: Called Strike
0-1: Called Strike
0-2: Ball
1-2: Fly out, F7 (Line Drive, 78D)
Batting: RHB Owen Jenkins 0-0: SINGLE (Line Drive, 8RS)
Batting: RHB Cisco Villa 0-0: Called Strike
0-1: Ball
1-1: Ground out U3 (Groundball, 3S)
Owen Jenkins to second
Batting: RHB Lyle Clark 0-0: Called Strike
0-1: Ground out 4-3 (Groundball, 4M)
Top of the 3rd over - 0 runs, 1 hit, 0 errors, 1 left on base; California 2 - Louisiana State 2
BOTTOM OF THE 3RD
Louisiana State Tigers batting - Pitching for California Golden Bears : LHP Randy Hawk
Batting: RHB Fernando Rodríguez 0-0: Ball
1-0: Ball
2-0: Ball
3-0: Called Strike
3-1: Foul Ball, location: 2F
3-2: Strikes out looking
Batting: LHB Jerry Flatt 0-0: Ball
1-0: Ball
2-0: Ball
3-0: Called Strike
3-1: Base on Balls
Batting: RHB John Howell 0-0: Ball
1-0: Foul Ball, location: 2F
1-1: Ball
2-1: Foul Ball, location: 2F
2-2: Foul Ball, location: 2F
2-2: Ball
3-2: Strikes out swinging
Batting: LHB Ronald Wallace 0-0: Ball
1-0: DOUBLE (Line Drive, 5D)
Jerry Flatt to third
Runner from 3rd tries for Home, SAFE, no throw
Batting: RHB Ernesto Quintero 0-0: Ball
1-0: Ball
2-0: Called Strike
2-1: Ball
3-1: Called Strike
3-2: Base on Balls
Batting: LHB Rick Owens 0-0: Ball
1-0: Called Strike
1-1: Swinging Strike
1-2: Ball
2-2: Ball
3-2: Foul Ball, location: 2F
3-2: Base on Balls
Ronald Wallace to third
Ernesto Quintero to second
Batting: LHB Mark Potter 0-0: Foul Ball, location: 2F
0-1: Fly out, F7 (Line Drive, 7D)
Bottom of the 3rd over - 1 run, 1 hit, 0 errors, 3 left on base; California 2 - Louisiana State 3
TOP OF THE 4TH
California Golden Bears batting - Pitching for Louisiana State Tigers : RHP Doug Thomas
Batting: LHB Otis Johnston 0-0: Ball
1-0: Ball
2-0: Ball
3-0: Base on Balls
Batting: SHB Dan Morse 0-0: Called Strike
0-1: Foul Ball, location: 2F
0-2: Foul Ball, location: 2F
0-2: Ball
1-2: Strikes out looking
Batting: RHB Joe Johnston 0-0: Ball
1-0: Called Strike
1-1: Ball
2-1: Foul Ball, location: 2F
2-2: Grounds into double play, 5-4-3 (Groundball, 56)
Top of the 4th over - 0 runs, 0 hits, 0 errors, 0 left on base; California 2 - Louisiana State 3
BOTTOM OF THE 4TH
Louisiana State Tigers batting - Pitching for California Golden Bears : LHP Randy Hawk
Batting: RHB Mike Cooley 0-0: Called Strike
0-1: Foul Ball, location: 2F
0-2: Ball
1-2: Foul Ball, location: 2F
1-2: Strikes out swinging
Batting: RHB Ethan Ramos 0-0: Foul Ball, location: 2F
0-1: Ground out 6-3 (Groundball, 6)
Batting: RHB Fernando Rodríguez 0-0: Called Strike
0-1: Ball
1-1: Ground out U3 (Groundball, 34)
Bottom of the 4th over - 0 runs, 0 hits, 0 errors, 0 left on base; California 2 - Louisiana State 3
TOP OF THE 5TH
California Golden Bears batting - Pitching for Louisiana State Tigers : RHP Doug Thomas
Batting: SHB John Allen 0-0: Swinging Strike
0-1: Called Strike
0-2: Ball
1-2: Foul Ball, location: 2F
1-2: Ball
2-2: SINGLE (Flyball, 9S)
Pitching: RHP Ricardo Delgado
Batting: RHB Phil Cabrera 0-0: Called Strike
0-1: Foul Ball, location: 2F
0-2: Fly out, F7 (Flyball, 7)
Batting: RHB Sergio González 0-0: Ball
1-0: 2-RUN HOME RUN (Flyball, 7LD), Distance : 340 ft
Batting: RHB Owen Jenkins 0-0: Ball
1-0: Ball
2-0: SINGLE (Groundball, 3D)
Batting: RHB Cisco Villa 0-0: Grounds into double play, 4-6-3 (Groundball, 34)
Top of the 5th over - 2 runs, 3 hits, 0 errors, 0 left on base; California 4 - Louisiana State 3
BOTTOM OF THE 5TH
Louisiana State Tigers batting - Pitching for California Golden Bears : LHP Randy Hawk
Batting: LHB Jerry Flatt 0-0: Called Strike
0-1: Foul Ball, location: 2F
0-2: Ball
1-2: Strikes out swinging
Pitching: RHP Mark Crouch
Batting: RHB John Howell 0-0: Called Strike
0-1: Ball
1-1: SINGLE (Groundball, 23) (infield hit)
Batting: LHB Ronald Wallace 0-0: Ball
1-0: Ball
Wild Pitch!
John Howell to second
2-0: Fly out, F9 (Flyball, 9LMF)
Batting: RHB Ernesto Quintero 0-0: Ball
1-0: Called Strike
1-1: Fly out, F8 (Line Drive, 8LD)
Bottom of the 5th over - 0 runs, 1 hit, 0 errors, 1 left on base; California 4 - Louisiana State 3
TOP OF THE 6TH
California Golden Bears batting - Pitching for Louisiana State Tigers : RHP Ricardo Delgado
Batting: RHB Lyle Clark 0-0: Swinging Strike
0-1: Fly out, F8 (Flyball, 8LM)
Batting: LHB Otis Johnston 0-0: Ball
1-0: Fly out, F9 (Flyball, 89D)
Batting: SHB Dan Morse 0-0: Fly out, F9 (Flyball, 89D)
Top of the 6th over - 0 runs, 0 hits, 0 errors, 0 left on base; California 4 - Louisiana State 3
BOTTOM OF THE 6TH
Louisiana State Tigers batting - Pitching for California Golden Bears : RHP Mark Crouch
Batting: LHB Rick Owens 0-0: Ball
1-0: Ball
2-0: Called Strike
2-1: Ball
3-1: Called Strike
3-2: Strikes out swinging
Batting: LHB Mark Potter 0-0: Foul Ball, location: 2F
0-1: Called Strike
0-2: Ball
1-2: Fly out, F4 (Popup, 23)
Batting: RHB Mike Cooley 0-0: Foul Ball, location: 2F
0-1: Called Strike
0-2: Strikes out looking
Bottom of the 6th over - 0 runs, 0 hits, 0 errors, 0 left on base; California 4 - Louisiana State 3
TOP OF THE 7TH
California Golden Bears batting - Pitching for Louisiana State Tigers : RHP Ricardo Delgado
Batting: RHB Joe Johnston 0-0: Called Strike
0-1: Ball
1-1: Fly out, F8 (Flyball, 89M)
Batting: SHB John Allen 0-0: SINGLE (Line Drive, 34)
Batting: RHB Phil Cabrera 0-0: Ground out 6-3 (Groundball, 56)
John Allen to second
Batting: RHB Sergio González 0-0: Ball
1-0: Ball
2-0: SINGLE (Groundball, 6D)
John Allen to third
Runner from 3rd tries for Home, SAFE, throw made home
Batting: RHB Owen Jenkins 0-0: Ball
1-0: Ball
2-0: Called Strike
2-1: Ball
3-1: Base on Balls
Sergio González to second
Batting: RHB Cisco Villa 0-0: Ball
1-0: Called Strike
1-1: Foul Ball, location: 2F
1-2: Strikes out looking
Top of the 7th over - 1 run, 2 hits, 0 errors, 2 left on base; California 5 - Louisiana State 3
BOTTOM OF THE 7TH
Louisiana State Tigers batting - Pitching for California Golden Bears : RHP Mark Crouch
Batting: RHB Ethan Ramos 0-0: Swinging Strike
0-1: Ball
1-1: TRIPLE (Flyball, 9LD)
Batting: RHB Fernando Rodríguez 0-0: Called Strike
0-1: Swinging Strike
0-2: Strikes out swinging
Batting: LHB Jerry Flatt 0-0: Called Strike
0-1: Ball
1-1: Ball
2-1: Foul Ball, location: 2F
2-2: Ground out 4-3 (Groundball, 34)
Batting: RHB John Howell 0-0: Ball
1-0: Called Strike
1-1: Hit by Pitch
Batting: LHB Ronald Wallace 0-0: Called Strike
0-1: SINGLE (Flyball, 7S)
Ethan Ramos scores
John Howell to second
Batting: RHB Ernesto Quintero 0-0: SINGLE (Line Drive, 6MD)
John Howell to third
Ronald Wallace to second
Runner from 3rd tries for Home, throw and OUT!
Bottom of the 7th over - 1 run, 3 hits, 0 errors, 2 left on base; California 5 - Louisiana State 4
TOP OF THE 8TH
California Golden Bears batting - Pitching for Louisiana State Tigers : RHP Ricardo Delgado
Pitching: LHP Sean Lester
Batting: RHB Lyle Clark 0-0: Swinging Strike
0-1: Foul Ball, location: 2F
0-2: Strikes out swinging
Batting: LHB Otis Johnston 0-0: Swinging Strike
0-1: Swinging Strike
0-2: Foul Ball, location: 2F
0-2: Strikes out swinging
Batting: SHB Dan Morse 0-0: Ball
1-0: Ball
2-0: Ball
3-0: Base on Balls
Pinch Hitting: RHB Dave Burchette 0-0: Called Strike
0-1: Swinging Strike
0-2: Ball
1-2: Fly out, F8 (Flyball, 78XD)
Top of the 8th over - 0 runs, 0 hits, 0 errors, 1 left on base; California 5 - Louisiana State 4
BOTTOM OF THE 8TH
Louisiana State Tigers batting - Pitching for California Golden Bears : RHP Mark Crouch
Now in RF: Ralph Hawkins
Batting: LHB Rick Owens 0-0: Called Strike
0-1: Fly out, F8 (Flyball, 8RD)
Batting: LHB Mark Potter 0-0: Ball
1-0: Fly out, F8 (Flyball, 8LD)
Batting: RHB Mike Cooley 0-0: Called Strike
0-1: Swinging Strike
0-2: Ball
1-2: Ball
2-2: Fly out, F7 (Flyball, 7)
Bottom of the 8th over - 0 runs, 0 hits, 0 errors, 0 left on base; California 5 - Louisiana State 4
TOP OF THE 9TH
California Golden Bears batting - Pitching for Louisiana State Tigers : LHP Sean Lester
Batting: SHB John Allen 0-0: SOLO HOME RUN (Flyball, 7LD), Distance : 313 ft
Batting: RHB Phil Cabrera 0-0: SINGLE (Groundball, 6MD)
Batting: RHB Sergio González 0-0: Called Strike
0-1: Called Strike
0-2: Ball
1-2: Grounds into double play, 6-4-3 (Groundball, 6)
Batting: RHB Owen Jenkins 0-0: Ball
1-0: Called Strike
1-1: Fly out, F2 (Popup, 23F)
Top of the 9th over - 1 run, 2 hits, 0 errors, 0 left on base; California 6 - Louisiana State 4
BOTTOM OF THE 9TH
Louisiana State Tigers batting - Pitching for California Golden Bears : RHP Mark Crouch
Pitching: RHP Esteban Ortega
Batting: RHB Ethan Ramos 0-0: Ball
1-0: Called Strike
1-1: Fly out, F9 (Flyball, 9LMF)
Batting: RHB Fernando Rodríguez 0-0: Fly out, F9 (Flyball, 89M)
Batting: LHB Jerry Flatt 0-0: Called Strike
0-1: Ball
1-1: Ball
2-1: Ball
3-1: Called Strike
3-2: Fly out, F9 (Flyball, 89D)
Bottom of the 9th over - 0 runs, 0 hits, 0 errors, 0 left on base; California 6 - Louisiana State 4
Saturday, December 16th, 2017 - OOTP Baseball 18.8 Build 76